WLB
CINCINNATI REDS @ ATLANTA BRAVES
04/15/2024
 
TOP OF THE 1ST
Cincinnati Reds batting - Pitching for Atlanta Braves : LHP Robert Gasser
Pitching: LHP Robert Gasser
Batting: RHB Isiah Kiner-Falefa 0-0: Ball
1-0: Called Strike
1-1: Ball
2-1: Called Strike
2-2: Ball
3-2: Strikes out looking
Batting: RHB Ryan McKenna 0-0: Called Strike
0-1: Swinging Strike
0-2: Ball
1-2: Ball
2-2: Strikes out swinging
Batting: RHB J.D. Davis 0-0: Swinging Strike
0-1: Ball
1-1: Swinging Strike
1-2: Ball
2-2: Foul Ball, location: 7LSF
2-2: Fly out, F4 (Popup, 4, EV 56.9 MPH)
Top of the 1st over - 0 runs, 0 hits, 0 errors, 0 left on base; Cincinnati 0 - Atlanta 0
BOTTOM OF THE 1ST
Atlanta Braves batting - Pitching for Cincinnati Reds : RHP Elieser Hernandez
Pitching: RHP Elieser Hernandez
Batting: LHB Kyle Tucker 0-0: Called Strike
0-1: Swinging Strike
0-2: Foul Ball, location: 5SF
0-2: Ball
1-2: DOUBLE (Line Drive, 7LS, EV 87.5 MPH)
Batting: LHB Luis Arraez 0-0: Called Strike
0-1: Ball
1-1: Ball
2-1: SINGLE (Groundball, 4MD, EV 109.4 MPH)
Kyle Tucker to third
Runner from 3rd tries for Home, SAFE, throw by CF to home
Batting: LHB Freddie Freeman 0-0: Called Strike
0-1: Foul Ball, location: 2F
0-2: Foul Ball, location: 2F
0-2: Ball
1-2: Foul Ball, location: 2LF
1-2: Grounds into double play, 4-6-3 (Groundball, 34S, EV 77.5 MPH)
Batting: RHB Austin Riley 0-0: Ball
1-0: Ball
2-0: SOLO HOME RUN (Flyball, 9LD, EV 94.4 MPH), Distance : 347 ft
Batting: LHB Jazz Chisholm Jr. 0-0: DOUBLE (Flyball, 8RXD, EV 97.5 MPH)
Batting: SHB Jose Ramirez 0-0: Ball
1-0: Ball
2-0: Called Strike
2-1: Foul Ball, location: 2F
2-2: Ball
3-2: 2-RUN HOME RUN (Line Drive, 9D, EV 100.6 MPH), Distance : 416 ft
Batting: LHB Omar Narvaez 0-0: Called Strike
0-1: Swinging Strike
0-2: Ground out 4-3 (Groundball, 4, EV 83.1 MPH)
Bottom of the 1st over - 4 runs, 5 hits, 0 errors, 0 left on base; Cincinnati 0 - Atlanta 4
TOP OF THE 2ND
Cincinnati Reds batting - Pitching for Atlanta Braves : LHP Robert Gasser
Batting: RHB Matt Gorski 0-0: Ball
1-0: Ball
2-0: Swinging Strike
2-1: Foul Ball, location: 2F
2-2: Foul Ball, location: 3SF
2-2: Strikes out swinging
Batting: LHB Joey Gallo 0-0: Foul Ball, location: 7LSF
0-1: Ball
1-1: Ball
2-1: Foul Ball, location: 9LMF
2-2: Fly out, F7 (Flyball, 7S, EV 95.0 MPH)
Batting: RHB Brendan Rodgers 0-0: Called Strike
0-1: Swinging Strike
0-2: Strikes out swinging
Top of the 2nd over - 0 runs, 0 hits, 0 errors, 0 left on base; Cincinnati 0 - Atlanta 4
BOTTOM OF THE 2ND
Atlanta Braves batting - Pitching for Cincinnati Reds : RHP Elieser Hernandez
Batting: RHB David Fletcher 0-0: Ball
1-0: Ground out 5-3 (Groundball, 5, EV 98.1 MPH)
Batting: LHB Marcelo Mayer 0-0: Ground out 4-3 (Groundball, 4, EV 81.9 MPH)
Batting: LHB Kyle Tucker 0-0: Foul Ball, location: 7LMF
0-1: Foul Ball, location: 3SF
0-2: Ground out 4-3 (Groundball, 34, EV 83.1 MPH)
Bottom of the 2nd over - 0 runs, 0 hits, 0 errors, 0 left on base; Cincinnati 0 - Atlanta 4
TOP OF THE 3RD
Cincinnati Reds batting - Pitching for Atlanta Braves : LHP Robert Gasser
Batting: LHB Eric Hosmer 0-0: Called Strike
0-1: Ball
1-1: Ball
2-1: Called Strike
2-2: Foul Ball, location: 3DF
2-2: Foul Ball, location: 2F
2-2: Strikes out swinging
Batting: SHB Eliezer Alfonzo 0-0: Ground out 6-3 (Groundball, 6, EV 85.6 MPH)
Batting: RHB Kevin Made 0-0: Ball
1-0: Called Strike
1-1: Fly out, F8 (Flyball, 8LM, EV 90.0 MPH)
Top of the 3rd over - 0 runs, 0 hits, 0 errors, 0 left on base; Cincinnati 0 - Atlanta 4
BOTTOM OF THE 3RD
Atlanta Braves batting - Pitching for Cincinnati Reds : RHP Elieser Hernandez
Batting: LHB Luis Arraez 0-0: Ball
1-0: Ground out 5-3 (Groundball, 5L, EV 81.9 MPH)
Batting: LHB Freddie Freeman 0-0: Ball
1-0: Ground out 4-3 (Groundball, 4, EV 90.6 MPH)
Batting: RHB Austin Riley 0-0: Called Strike
0-1: Called Strike
0-2: Fly out, F5 (Line Drive, 5, EV 68.1 MPH)
Bottom of the 3rd over - 0 runs, 0 hits, 0 errors, 0 left on base; Cincinnati 0 - Atlanta 4
TOP OF THE 4TH
Cincinnati Reds batting - Pitching for Atlanta Braves : LHP Robert Gasser
Batting: RHB Isiah Kiner-Falefa 0-0: Ball
1-0: Fly out, F9 (Flyball, 9LDF, EV 100.0 MPH)
Batting: RHB Ryan McKenna 0-0: Fly out, F8 (Flyball, 8RD, EV 76.3 MPH)
Batting: RHB J.D. Davis 0-0: Ball
1-0: SINGLE (Line Drive, 8LS, EV 88.1 MPH)
Batting: RHB Matt Gorski 0-0: Ball
1-0: Ball
2-0: Called Strike
2-1: Ball
3-1: Base on Balls
J.D. Davis to second
Batting: LHB Joey Gallo 0-0: Foul Ball, location: 2F
0-1: Ball
1-1: Ball
2-1: Foul Ball, location: 2F
2-2: Ball
3-2: Foul Ball, location: 23F
3-2: Foul Ball, location: 2F
3-2: Strikes out swinging
Top of the 4th over - 0 runs, 1 hit, 0 errors, 2 left on base; Cincinnati 0 - Atlanta 4
BOTTOM OF THE 4TH
Atlanta Braves batting - Pitching for Cincinnati Reds : RHP Elieser Hernandez
Batting: LHB Jazz Chisholm Jr. 0-0: Ball
1-0: Swinging Strike
1-1: SINGLE (Line Drive, 9LS, EV 106.3 MPH)
Batting: SHB Jose Ramirez 0-0: Ball
1-0: TRIPLE (Line Drive, 89XD, EV 103.1 MPH)
Jazz Chisholm Jr. scores
Batting: LHB Omar Narvaez 0-0: Ball
1-0: Foul Ball, location: 7LSF
1-1: Swinging Strike
1-2: Foul Ball, location: 3F
1-2: Foul Ball, location: 7LMF
1-2: SINGLE (Line Drive, 34D, EV 98.1 MPH)
Jose Ramirez scores
Pitching: RHP Spencer Turnbull
Batting: RHB David Fletcher 0-0: Fly out, F4 (Line Drive, 34D, EV 67.5 MPH)
Lined into DP, 4-3 (Line Drive, 34D, EV 67.5 MPH)
Batting: LHB Marcelo Mayer 0-0: Called Strike
0-1: Ball
1-1: Ball
2-1: Foul Ball, location: 3SF
2-2: Foul Ball, location: 5DF
2-2: SINGLE (Groundball, 6S, EV 75.6 MPH) (infield hit)
Batting: LHB Kyle Tucker 0-0: Ball
1-0: Ball
2-0: 2-RUN HOME RUN (Flyball, 89XD, EV 98.1 MPH), Distance : 397 ft
Batting: LHB Luis Arraez 0-0: Called Strike
0-1: Ground out 4-3 (Groundball, 34D, EV 105.6 MPH)
Bottom of the 4th over - 4 runs, 5 hits, 0 errors, 0 left on base; Cincinnati 0 - Atlanta 8
TOP OF THE 5TH
Cincinnati Reds batting - Pitching for Atlanta Braves : LHP Robert Gasser
Batting: RHB Brendan Rodgers 0-0: Foul Ball, location: 9LDF
0-1: Ball
1-1: Called Strike
1-2: Ball
2-2: Ground out U3 (Groundball, 34, EV 84.4 MPH)
Batting: LHB Eric Hosmer 0-0: Called Strike
0-1: Ball
1-1: SINGLE (Line Drive, 8RS, EV 94.4 MPH)
Batting: SHB Eliezer Alfonzo 0-0: Called Strike
0-1: Foul Ball, location: 9LSF
0-2: Foul Ball, location: 3FF
0-2: Strikes out swinging
Batting: RHB Kevin Made 0-0: Called Strike
0-1: Ball
1-1: Foul Ball, location: 9LDF
1-2: Ball
2-2: Foul Ball, location: 25F
2-2: Ball
3-2: Base on Balls
Eric Hosmer to second
Batting: RHB Isiah Kiner-Falefa 0-0: Called Strike
0-1: Ball
1-1: Ball
2-1: Foul Ball, location: 25FF
2-2: Strikes out swinging
Top of the 5th over - 0 runs, 1 hit, 0 errors, 2 left on base; Cincinnati 0 - Atlanta 8
BOTTOM OF THE 5TH
Atlanta Braves batting - Pitching for Cincinnati Reds : RHP Spencer Turnbull
Batting: LHB Freddie Freeman 0-0: Ball
1-0: Ball
2-0: Fly out, F8 (Flyball, 78M, EV 84.4 MPH)
Batting: RHB Austin Riley 0-0: Swinging Strike
0-1: Ball
1-1: Foul Ball, location: 2F
1-2: Ground out 6-3 (Groundball, 6, EV 85.6 MPH)
Batting: LHB Jazz Chisholm Jr. 0-0: Ball
1-0: Foul Ball, location: 23F
1-1: Called Strike
1-2: Foul Ball, location: 2F
1-2: Ball
2-2: Ball
3-2: DOUBLE (Line Drive, 9LS, EV 88.1 MPH)
Batting: SHB Jose Ramirez 0-0: Fly out, F6 (Flyball, 56D, EV 91.9 MPH)
Bottom of the 5th over - 0 runs, 1 hit, 0 errors, 1 left on base; Cincinnati 0 - Atlanta 8
TOP OF THE 6TH
Cincinnati Reds batting - Pitching for Atlanta Braves : LHP Robert Gasser
Batting: RHB Ryan McKenna 0-0: Swinging Strike
0-1: Ball
1-1: Ball
2-1: Foul Ball, location: 2F
2-2: Strikes out swinging
Batting: RHB J.D. Davis 0-0: Foul Ball, location: 2F
0-1: Swinging Strike
0-2: Ball
1-2: Ball
2-2: Ball
3-2: Foul Ball, location: 5DF
3-2: Foul Ball, location: 23F
3-2: Foul Ball, location: 2F
3-2: Ground out 3-1 (Groundball, 34S, EV 81.3 MPH)
Batting: RHB Matt Gorski 0-0: Called Strike
0-1: Foul Ball, location: 2F
0-2: Ball
1-2: Strikes out looking
Top of the 6th over - 0 runs, 0 hits, 0 errors, 0 left on base; Cincinnati 0 - Atlanta 8
BOTTOM OF THE 6TH
Atlanta Braves batting - Pitching for Cincinnati Reds : RHP Spencer Turnbull
Batting: LHB Omar Narvaez 0-0: DOUBLE (Line Drive, 9LS, EV 91.9 MPH)
Batting: RHB David Fletcher 0-0: Fly out, F4 (Popup, 4M, EV 72.5 MPH)
Batting: LHB Marcelo Mayer 0-0: Ball
1-0: Called Strike
1-1: Ball
2-1: Ground out 3-1 (Groundball, 34, EV 107.5 MPH)
Omar Narvaez to third
Batting: LHB Kyle Tucker 0-0: Swinging Strike
0-1: Ball
1-1: Ball
2-1: Ground out 1-3 (Groundball, 13S, EV 71.9 MPH)
Bottom of the 6th over - 0 runs, 1 hit, 0 errors, 1 left on base; Cincinnati 0 - Atlanta 8
TOP OF THE 7TH
Cincinnati Reds batting - Pitching for Atlanta Braves : LHP Robert Gasser
Pitching: RHP J.B. Bukauskas
Batting: LHB Joey Gallo 0-0: Foul Ball, location: 2F
0-1: Ball
1-1: SOLO HOME RUN (Flyball, 9D, EV 102.5 MPH), Distance : 410 ft
Batting: RHB Brendan Rodgers 0-0: Swinging Strike
0-1: Swinging Strike
0-2: Strikes out swinging, 2-3 out at first.
Batting: LHB Eric Hosmer 0-0: Called Strike
0-1: Ball
1-1: Ball
2-1: Called Strike
2-2: Strikes out swinging
Batting: SHB Eliezer Alfonzo 0-0: Ball
1-0: Ball
2-0: Fly out, F7 (Line Drive, 78M, EV 94.4 MPH)
Top of the 7th over - 1 run, 1 hit, 0 errors, 0 left on base; Cincinnati 1 - Atlanta 8
BOTTOM OF THE 7TH
Atlanta Braves batting - Pitching for Cincinnati Reds : RHP Spencer Turnbull
Batting: LHB Luis Arraez 0-0: Called Strike
0-1: Ball
1-1: Ball
2-1: Fly out, F6 (Line Drive, 6, EV 65.0 MPH)
Batting: LHB Freddie Freeman 0-0: Ball
1-0: Ball
2-0: Foul Ball, location: 3FF
2-1: Ground out 4-3 (Groundball, 4, EV 91.3 MPH)
Batting: RHB Austin Riley 0-0: Ball
1-0: Ball
2-0: Ball
3-0: Called Strike
3-1: Foul Ball, location: 23F
3-2: Base on Balls
Batting: LHB Jazz Chisholm Jr. 0-0: Swinging Strike
0-1: Ball
1-1: Ball
2-1: Swinging Strike
2-2: Strikes out swinging
Bottom of the 7th over - 0 runs, 0 hits, 0 errors, 1 left on base; Cincinnati 1 - Atlanta 8
TOP OF THE 8TH
Cincinnati Reds batting - Pitching for Atlanta Braves : RHP J.B. Bukauskas
Batting: RHB Kevin Made 0-0: Called Strike
0-1: Called Strike
0-2: Strikes out swinging
Batting: RHB Isiah Kiner-Falefa 0-0: Reached on error, E4 (Groundball, 4MD, EV 98.8 MPH)
Pitching: LHP Dylan Lee
Batting: RHB Ryan McKenna 0-0: Called Strike
0-1: Foul Ball, location: 9LDF
0-2: Strikes out swinging
Batting: RHB J.D. Davis 0-0: Called Strike
0-1: Ball
1-1: Foul Ball, location: 2F
1-2: Ball
2-2: Strikes out swinging
Top of the 8th over - 0 runs, 0 hits, 1 error, 1 left on base; Cincinnati 1 - Atlanta 8
BOTTOM OF THE 8TH
Atlanta Braves batting - Pitching for Cincinnati Reds : RHP Spencer Turnbull
Batting: SHB Jose Ramirez 0-0: Called Strike
0-1: Ball
1-1: SOLO HOME RUN (Flyball, 9LD, EV 93.1 MPH), Distance : 342 ft
Batting: LHB Omar Narvaez 0-0: Called Strike
0-1: Ball
1-1: Swinging Strike
1-2: Ball
2-2: Ground out 5-3 (Groundball, 56S, EV 87.5 MPH)
Batting: RHB David Fletcher 0-0: SINGLE (Line Drive, 8RS, EV 99.4 MPH)
Batting: LHB Marcelo Mayer 0-0: Called Strike
0-1: Ball
1-1: Fielders Choice at 2nd, 3-6 (Groundball, 34, EV 105.0 MPH)
Batting: LHB Kyle Tucker 0-0: Ball
1-0: Foul Ball, location: 23F
1-1: SINGLE (Line Drive, 78S, EV 98.8 MPH)
Marcelo Mayer to second
Runner from 2nd tries for 3rd, SAFE, no throw by LF
Batting: LHB Luis Arraez 0-0: Ball
1-0: Called Strike
1-1: Ball
2-1: Foul Ball, location: 2F
2-2: Fielders Choice at 2nd, 6-4 (Groundball, 6, EV 88.8 MPH)
Bottom of the 8th over - 1 run, 3 hits, 0 errors, 2 left on base; Cincinnati 1 - Atlanta 9
TOP OF THE 9TH
Cincinnati Reds batting - Pitching for Atlanta Braves : LHP Dylan Lee
Batting: RHB Matt Gorski 0-0: Called Strike
0-1: Foul Ball, location: 2F
0-2: Strikes out swinging
Batting: LHB Joey Gallo 0-0: Ball
1-0: Called Strike
1-1: Fly out, F4 (Popup, 13S, EV 86.9 MPH)
Batting: RHB Brendan Rodgers 0-0: Ground out 6-3 (Groundball, 6, EV 103.1 MPH)
Top of the 9th over - 0 runs, 0 hits, 0 errors, 0 left on base; Cincinnati 1 - Atlanta 9
Tuesday, February 13th , 2024 - OOTP Baseball 24.11 Build 85